 Dungeon Crawl Stone Soup version 0.24-a0-29-g43a6aff (webtiles) character file.

Game seed: 17979227070330390528

382524 Lanoc the Executioner (level 24, -13/195 HPs)
             Began as a Formicid Gladiator on Feb 2, 2019.
             Was a Follower of Uskayaw.
             Killed from afar by a titan (21 damage)
             ... with a bolt of lightning
             ... on level 5 of the Vaults on Feb 3, 2019.
             The game lasted 02:29:23 (49327 turns).

Lanoc the Executioner (Formicid Gladiator)         Turns: 49327, Time: 02:29:26

Health: -13/195    AC: 28    Str: 32    XL:     24   Next: 33%
Magic:  0/36       EV: 17    Int: 14    God:    Uskayaw [*.....]
Gold:   1987       SH: 25    Dex: 21    Spells: 21/23 levels left

rFire    + . .     SeeInvis +   Z - +7 broad axe of the Hummingbird {chop, rC++ Int+3 Dex+6}
rCold    + + +     Gourm    .   B - +2 large shield "Bywkas" {rC+}
rNeg     . . .     Faith    +   i - +5 gold dragon scales
rPois    +         Spirit   +   (helmet unavailable)
rElec    .         Reflect  .   K - scarf {Spirit}
rCorr    +         Harm     .   M - +0 pair of fencer's gloves {Riposte Dex+3}
MR       ++...                  (no boots)
Stlth    ..........             W - amulet of faith
HPRegen  0.42/turn              (no ring)
MPRegen  0.25/turn              Y - ring "Hoan Tahiec" {rCorr Str+4}

@: no status effects
A: permanent stasis, dig shafts and tunnels, four strong arms, antennae 3
}: 1/15 runes: serpentine
a: Dig, Shaft Self, Stomp, Renounce Religion


You were on level 5 of the Vaults.
You worshipped Uskayaw.
Uskayaw was most pleased with you.
You were hungry.

You visited 7 branches of the dungeon, and saw 35 of its levels.

You collected 3968 gold pieces.
You spent 1981 gold pieces at shops.

Inventory:

Hand Weapons
 G - a +4 executioner's axe of holy wrath
 H - the +7 arbalest "Mugarior" {freeze, Str+4 Int+6 Dex+3}
   (You found it on level 13 of the Dungeon)

   It causes projectiles fired from it to freeze those they strike, causing
   extra injury to most foes and up to half again as much damage against
   particularly susceptible opponents.
   They can also slow down cold-blooded creatures.
   It affects your strength (+4).
   It affects your intelligence (+6).
   It affects your dexterity (+3).
 S - the +5 pair of quick blades "Gyre" and "Gimble" {pierce, Dex-3}
   (You took it off a yaktaur on level 5 of the Vaults)

   It inflicts extra damage upon your enemies.
   It affects your dexterity (-3).
 Z - the +7 broad axe of the Hummingbird (weapon) {chop, rC++ Int+3 Dex+6}
   (You found it on level 2 of the Lair of Beasts)

   It inflicts extra damage upon your enemies.
   It affects your intelligence (+3).
   It affects your dexterity (+6).
   It greatly protects you from cold.
Missiles
 c - 5 throwing nets (quivered)
 y - 1528 bolts
Armour
 i - +5 gold dragon scales (worn)
 B - the +2 large shield "Bywkas" (worn) {rC+}
   (You acquired it on level 15 of the Dungeon)

   It protects you from cold.
 J - the +0 pair of boots of the Empire {rC+ MR- rCorr}
   (You acquired it on level 2 of the Snake Pit)

   It protects you from cold.
   It affects your resistance to hostile enchantments.
   It provides partial protection from all sources of acid and corrosion.
 K - a scarf of spirit shield (worn)
 M - the +0 pair of fencer's gloves (worn) {Riposte Dex+3}
   (You acquired it on level 3 of the Snake Pit)

   It affects your dexterity (+3).
Jewellery
 a - an uncursed ring of flight
 g - an uncursed ring of stealth
 A - an uncursed ring of poison resistance
 W - an amulet of faith (around neck)
 Y - the ring "Hoan Tahiec" (right hand) {rCorr Str+4}
   (You took it off an ironheart preserver on level 4 of the Vaults)

   [ring of resist corrosion]

   It affects your strength (+4).
Wands
 j - a wand of clouds (5)
 l - a wand of digging (9)
 w - a wand of iceblast (17)
 x - a wand of disintegration (20)
 F - a wand of enslavement (16)
 R - a wand of acid (15)
 T - a wand of paralysis (31)
Scrolls
 h - 5 scrolls of immolation
 n - 12 scrolls of remove curse
 o - a scroll of holy word
 s - 7 scrolls of amnesia
 u - 8 scrolls of magic mapping
 z - 10 scrolls of fear
 I - 7 scrolls of identify
 Q - 2 scrolls of silence
 U - 4 scrolls of fog
Potions
 f - 4 potions of flight
 k - 6 potions of brilliance
 m - 5 potions of magic
 p - 3 potions of invisibility
 q - 2 potions of mutation
 v - 3 potions of cancellation
 E - a potion of resistance
 O - a potion of ambrosia
Miscellaneous
 r - a box of beasts
 P - a fan of gales (inert)
Comestibles
 d - 65 rations


   Skills:
 + Level 17.2 Fighting
 * Level 21.4 Axes
 - Level 2.0 Throwing
 + Level 17.1 Armour
 + Level 14.9 Dodging
 - Level 15.0 Shields
 + Level 18.1 Invocations


You had 21 spell levels left.
You knew the following spells:

 Your Spells              Type           Power        Failure   Level  Hunger
a - Apportation           Tloc           #.....       97%         1    ##.....
b - Summon Butterflies    Summ           #.......     97%         1    ##.....

Your spell library contained the following spells:

 Spells                   Type           Power        Failure   Level  Hunger
 Corona                   Hex            #......      97%         1    ##.....
 Magic Dart               Conj           #...         97%         1    ##.....
 Shock                    Conj/Air       #...         97%         1    ##.....
 Summon Small Mammal      Summ           #...         97%         1    ##.....
 Call Imp                 Summ           #.......     99%         2    ###....
 Slow                     Hex            #.......     99%         2    ###....
 Swiftness                Chrm/Air       #.......     99%         2    ###....
 Call Canine Familiar     Summ           #.......     100%        3    ####...
 Conjure Flame            Conj/Fire      #.......     100%        3    ####...
 Gell's Gravitas          Tloc           #.........   100%        3    ####...
 Inner Flame              Hex/Fire       #.......     100%        3    ####...
 Lesser Beckoning         Tloc           #.........   100%        3    ####...
 Mephitic Cloud           Conj/Pois/Air  #.......     100%        3    ####...
 Portal Projectile        Hex/Tloc       #.....       100%        3    ####...
 Recall                   Summ/Tloc      N/A          100%        3    ####...
 Static Discharge         Conj/Air       #.......     100%        3    ####...
 Summon Guardian Golem    Hex/Summ       #.......     100%        3    ####...
 Tukima's Dance           Hex            #.......     100%        3    ####...
 Airstrike                Air            #.........   100%        4    #####..
 Cause Fear               Hex            #.........   100%        4    #####..
 Force Lance              Conj/Tloc      #.......     100%        4    #####..
 Leda's Liquefaction      Hex/Erth       #.........   100%        4    #####..
 Summon Ice Beast         Ice/Summ       #.......     100%        4    #####..
 Summon Lightning Spire   Summ/Air       #.......     100%        4    #####..
 Alistair's Intoxication  Tmut/Pois      #.......     100%        5    ######.
 Aura of Abjuration       Summ           #.........   100%        5    ######.
 Bolt of Magma            Conj/Fire/Erth #.........   100%        5    ######.
 Lightning Bolt           Conj/Air       #.........   100%        5    ######.
 Summon Demon             Summ           #.........   100%        5    ######.
 Summon Forest            Summ/Tloc      #.........   100%        5    ######.
 Summon Mana Viper        Hex/Summ       #.......     100%        5    ######.
 Dispersal                Tloc           #.........   100%        6    #######
 Invisibility             Hex            #.......     100%        6    #######
 Iron Shot                Conj/Erth      #.........   100%        6    #######
 Shadow Creatures         Summ           N/A          100%        6    #######
 Statue Form              Tmut/Erth      #........    100%        6    #######
 Summon Hydra             Summ           #.........   100%        7    #######
 Disjunction              Tloc           #.........   100%        8    #######
 Shatter                  Erth           #.........   100%        9    #######
 Blink                    Tloc           Unusable     N/A         2    N/A
 Controlled Blink         Tloc           Unusable     N/A         8    N/A

Dungeon Overview and Level Annotations

Branches:
Dungeon (15/15)            Temple (1/1) D:5            Lair (6/6) D:10
 Shoals (0/4) Lair:4        Snake (4/4) Lair:4        Slime (0/5) Lair:5
    Orc (2/2) D:12            Elf (0/3) Orc:2        Vaults (5/5) D:13
  Crypt (0/3) Vaults:2     Depths (2/5) D:15

Altars:
Cheibriados
Dithmenos
Elyvilon
Fedhas
Hepliaklqana
Kikubaaqudgha
Okawaru
Qazlal
Ru
Sif Muna
Uskayaw
Vehumet
Wu Jian
Xom
Yredelemnul
Zin
The Shining One
Beogh

Shops:
D:6 (!?(   D:12 [   Orc:2 ?*(=[   Snake:2 **((*}}=   Snake:3 =   Vaults:1 *=[=

Portals:
Hell: Depths:1
Ziggurat: Depths:1
Trove: D:14 (give +5 demon trident)

Annotations:
D:13 1 runed translucent door
D:14 trove +5 demon trident
Lair:1 3 runed translucent doors, Gareihy's ghost, journeyman GnWr
Vaults:4 3 runed translucent doors, Qenoimudgh's ghost, adept FeMo; Waros's ghost, veteran GrEE


Innate Abilities, Weirdness & Mutations

You cannot be hasted, slowed, berserked, paralysed or teleported.
You can dig through walls and to a lower floor.
Your four strong arms can wield two-handed weapons with a shield.
You have a pair of large antennae on your head. (SInv)


Message History

Your titan's corpse shimmers and vanishes!
The titan is engulfed in noxious fumes.
You can no longer pass through a line of other dancers.
The titan gestures at you while chanting.
The bolt of lightning misses you.
Evoke which item? (* to show all) (? for menu, Esc to quit)
You open the lid... ...and a larval weirdshock beast leaps out!
You swap places.
You feel a little less agile now.
Your larval weirdshock beast hits the titan.
The titan hits your larval weirdshock beast!
Your larval weirdshock beast hits the titan.
The titan casts a spell at you.
The bolt of lightning hits your larval weirdshock beast!
Your larval weirdshock beast resists.
Your larval weirdshock beast dies!
Your larval weirdshock beast's corpse disappears in a puff of smoke!
The bolt of lightning hits you!!
You die...

.#.#.# #. #{#D#.#....# .#.#.# #.
#{#.#.#....# .#.#.#.#.
#{#.#.#....# .#.#.#.#h
#{#.#.#....# .#.#.#..{T
#§#.#.#....#
.#.#.#..T#############§#.#.#....#
.#.#.#..[D)..T.C)....§§#.#.#....#
.#.#.###################D#.#....#
.#.)............@.....§C.#.#....#
.#...#####################.#....#
.................................
[))#######################.......
.).).............................
.................................
#################################


You could see a titan.

Vanquished Creatures
  Mennas (Vaults:4)
  Margery (Vaults:3)
  Frederick (Vaults:5)
  A golden dragon (Vaults:5)
  Nikola (Vaults:2)
  8 tentacled monstrosities
  2 liches (Vaults:4)
  3 titans
  Asterion (Snake:4)
  4 sphinxes
  2 storm dragons
  8 tengu reavers
  4 shadow dragons
  8 nagarajas
  An iron dragon (Vaults:5)
  3 fire giants
  4 frost giants
  A frost giant (shapeshifter) (Vaults:5)
  2 deep elf sorcerers
  19 vault wardens
  4 very ugly things
  24 ironheart preservers
  14 stone giants
  4 war gargoyles
  2 deep elf demonologists
  Nessos (Orc:2)
  Azrael (Snake:2)
  2 deep elf annihilators
  A merfolk javelineer (Depths:1)
  15 ettins
  A deep elf death mage (Vaults:5)
  A fire dragon (Vaults:2)
  8 yaktaur captains
  8 ogre magi
  3 great orbs of eyes
  A fire dragon (shapeshifter) (Vaults:5)
  2 deep elf high priests (Vaults:4)
  16 naga warriors
  4 ice dragons
  40 vault guards
  A rakshasa (Vaults:3)
  14 centaur warriors
  10 anacondas
  2 dancing weapons (D:13)
  28 two-headed ogres
  5 death knights
  3 deep troll shamans (Vaults:3)
  15 death yaks
  3 deep troll earth magi
  A queen ant (Lair:2)
  A vampire mage (Depths:1)
  A titan zombie (D:15)
  Nergalle (Lair:3)
  A tengu warrior (Depths:2)
  26 naga sharpshooters
  8 orc high priests (Orc:2)
  2 hell knights (Vaults:3)
  6 deep elf knights
  7 shock serpents
  5 unseen horrors
  A shadow wraith (Vaults:4)
  22 skeletal warriors
  2 salamander mystics (Snake:4)
  A small abomination (Vaults:4)
  9 deep elf archers
  11 sea snakes
  2 glowing orange brains
  An unseen horror (shapeshifter) (Vaults:5)
  2 flayed ghosts
  8 naga ritualists
  7 deep trolls
  2 wizards
  4 necromancers
  2 phantasmal warriors
  10 orc knights
  13 deep elf magi
  16 ironbrand convokers
  8 harpies
  20 mana vipers
  4 orc sorcerers
  An orb spider (shapeshifter) (Vaults:2)
  6 wolf spiders
  2 harpies (shapeshifter) (Vaults:1)
  5 cyclopes
  A fire giant zombie (Vaults:4)
  3 manticores
  18 ugly things
  5 elephants (Lair:5)
  4 centaur zombies
  22 vault sentinels
  11 salamanders
  36 black mambas
  An eye of devastation (shapeshifter) (D:15)
  16 naga magi
  A torpor snail (shapeshifter) (Vaults:5)
  6 guardian serpents
  3 gargoyles
  A kobold demonologist (D:14)
  3 rime drakes
  9 komodo dragons
  7 spiny frogs
  An efreet (D:15)
  A rime drake (shapeshifter) (Vaults:4)
  6 freezing wraiths
  37 yaktaurs
  A tengu conjurer (D:15)
  A guardian mummy (D:15)
  A merfolk (shapeshifter) (Vaults:5)
  A meliai (shapeshifter) (Vaults:4)
  11 polar bears
  12 trolls
  3 hornets
  A slime creature (shapeshifter) (Vaults:5)
  A sphinx simulacrum (Vaults:3)
  A deep troll zombie (D:15)
  A harpy skeleton (D:14)
  15 slime creatures
  An ettin zombie (D:15)
  12 hippogriffs
  A raiju (shapeshifter) (Vaults:1)
  6 dream sheep
  A snapping turtle (Lair:4)
  3 water elementals (Depths:1)
  11 spriggans (Lair:6)
  3 wyverns
  3 basilisks
  2 shadows
  Sigmund (D:5)
  A wraith (D:15)
  47 yaks
  3 hogs (D:7)
  A human (shapeshifter) (D:15)
  3 steam dragons (D:9)
  4 fire elementals
  A human (D:7)
  Menkaure (D:7)
  8 wargs
  3 soldier ants (Lair:2)
  A soldier ant (shapeshifter) (Vaults:4)
  7 acid dragons
  53 nagas
  9 water moccasins
  4 hell hounds (Snake:2)
  A tengu zombie (D:15)
  A water moccasin (shapeshifter) (Vaults:1)
  6 porcupines
  Duvessa (D:5)
  26 orc warriors
  7 black bears
  3 phantoms
  6 ice beasts
  4 sky beasts
  An ettin simulacrum (Vaults:2)
  2 eyes of draining
  A necrophage (D:6)
  An ice beast (shapeshifter) (D:14)
  28 centaurs
  28 ogres
  34 wolves
  11 crocodiles
  6 boggarts
  An elf skeleton (Vaults:4)
  3 big kobolds
  12 bullfrogs
  A human skeleton (Vaults:4)
  Dowan (D:5)
  A wyvern zombie (D:11)
  4 scorpions
  11 killer bees
  4 wights (D:8)
  A howler monkey (D:6)
  An electric eel (Lair:4)
  9 crimson imps
  A bullfrog zombie (D:9)
  2 human simulacra
  8 hounds
  A gnoll shaman (D:6)
  5 jellies
  39 orc priests
  16 orc wizards
  4 centaur skeletons
  Ijyb (D:5)
  5 iguanas
  30 worker ants
  An ogre zombie (D:4)
  A hound skeleton (D:6)
  3 gnolls (D:6)
  2 orc zombies (D:4)
  11 adders
  2 shadow imps
  An ufetubus (Vaults:2)
  5 oozes (Lair:5)
  3 adder skeletons
  3 worms
  A dart slug (D:4)
  4 leopard geckos
  109 orcs
  4 bats
  6 giant cockroaches
  12 goblins
  8 hobgoblins
  6 jackals
  3 quokkas
  4 frilled lizards
  18 kobolds
  A leopard gecko zombie (D:6)
  A quokka zombie (D:6)
  9 rats
  A crawling corpse (Vaults:5)
  4 fungi
  5 plants
  A withered plant (D:15)
1514 creatures vanquished.

Vanquished Creatures (collateral kills)
  A nagaraja (Snake:4)
1 creature vanquished.

Vanquished Creatures (others)
  A black mamba (Snake:4)
  A naga mage (Snake:4)
  A dream sheep (Lair:5)
  An ogre (Vaults:3)
  A centaur (Vaults:1)
  7 fungi
  9 plants
  9 withered plants
30 creatures vanquished.

Grand Total: 1545 creatures vanquished

Notes
Turn   | Place    | Note
-------+----------+-------------------------------------------
     0 | D:1      | Lanoc the Formicid Gladiator began the quest for the Orb.
     0 | D:1      | Reached XP level 1. HP: 16/16 MP: 1/1
     7 | D:1      | Noticed a black bear
     7 | D:1      | Noticed a killer bee
     7 | D:1      | Noticed a wyvern
     7 | D:1      | Noticed a water moccasin
    40 | D:1      | Reached XP level 2. HP: 21/23 MP: 2/2
   463 | D:1      | Reached XP level 3. HP: 26/28 MP: 3/3
   506 | D:1      | Reached skill level 1 in Armour
   968 | D:2      | Reached XP level 4. HP: 30/34 MP: 4/4
  1349 | D:3      | Reached skill level 4 in Axes
  1349 | D:3      | Reached XP level 5. HP: 21/41 MP: 5/5
  1355 | D:3      | HP: 2/41 [orc priest/divine providence (11)]
  1812 | D:3      | Found a shimmering altar of Xom.
  1813 | D:3      | Found a hazy altar of Hepliaklqana.
  1813 | D:3      | Noticed a soldier ant
  1815 | D:3      | Noticed a soldier ant
  1815 | D:3      | Noticed a spectral ugly thing
  2428 | D:4      | Found a transporter.
  2432 | D:4      | Noticed an ogre
  2509 | D:3      | Reached XP level 6. HP: 13/47 MP: 6/6
  2740 | D:4      | Killed an ogre
  2767 | D:4      | Found a hide-covered altar of Uskayaw.
  2776 | D:4      | Became a worshipper of Uskayaw the Reveler
  2864 | D:4      | Reached * piety under Uskayaw
  2901 | D:4      | Reached ** piety under Uskayaw
  2904 | D:4      | Reached skill level 5 in Axes
  2904 | D:4      | Reached *** piety under Uskayaw
  2994 | D:4      | Reached XP level 7. HP: 49/53 MP: 7/7
  3022 | D:4      | Found an ornate altar of the Wu Jian Council.
  3022 | D:4      | Found a radiant altar of Vehumet.
  3086 | D:4      | Reached skill level 1 in Invocations
  3370 | D:4      | Found a transporter.
  3497 | D:4      | HP: 2/54 [poisoned by an orc warrior zombie]
  3933 | D:4      | Got a crystal dagger
  3936 | D:4      | Got an iridescent flail
  3939 | D:4      | Identified the +7 dagger "Putur Hol" {antimagic, Str+6
                  | Int-4} (You found it on level 4 of the Dungeon)
  3940 | D:4      | Identified the cursed +0 flail "Kagueh" {venom, Int+3} (You
                  | found it on level 4 of the Dungeon)
  3992 | D:5      | Entered Level 5 of the Dungeon
  4043 | D:5      | Reached **** piety under Uskayaw
  4045 | D:5      | Reached XP level 8. HP: 27/61 MP: 4/9
  4096 | D:5      | Reached skill level 6 in Axes
  4398 | D:5      | Noticed Sigmund
  4407 | D:5      | Killed Sigmund
  4630 | D:5      | Noticed Duvessa
  4631 | D:5      | Noticed Dowan
  4638 | D:5      | Killed Duvessa
  4643 | D:5      | Killed Dowan
  4643 | D:5      | Reached skill level 5 in Fighting
  4723 | D:5      | Noticed Ijyb
  4735 | D:5      | Killed Ijyb
  4769 | D:5      | Found a sacrificial altar of Ru.
  4890 | D:5      | Found a staircase to the Ecumenical Temple.
  5128 | Temple   | Entered the Ecumenical Temple
  5416 | D:6      | Found a hazy altar of Hepliaklqana.
  5513 | D:6      | Reached XP level 9. HP: 68/68 MP: 11/11
  5540 | D:6      | Reached skill level 7 in Axes
  5548 | D:6      | Found Soigin's Antique Weapon Emporium.
  5560 | D:6      | Reached skill level 1 in Shields
  5577 | D:6      | Bought a smoking hand axe for 200 gold pieces
  5577 | D:6      | Identified the +9 hand axe of Herghygi {elec, *Noise rC++
                  | Str+2 SInv} (You bought it in a shop on level 6 of the
                  | Dungeon)
  5600 | D:6      | Reached skill level 5 in Dodging
  5656 | D:6      | Found Git Xyit's Distillery.
  5712 | D:6      | Found a shadowy altar of Dithmenos.
  5778 | D:6      | Found Esaschush's Antique Weapon Shop.
  5796 | D:6      | Found Vional's Magic Scroll Shoppe.
  5802 | D:6      | Bought a scroll of magic mapping for 38 gold pieces
  6205 | D:7      | Reached skill level 5 in Armour
  6216 | D:7      | Reached ***** piety under Uskayaw
  6360 | D:7      | Noticed Menkaure
  6366 | D:7      | Killed Menkaure
  6595 | D:7      | Reached skill level 8 in Axes
  6596 | D:7      | Reached skill level 5 in Invocations
  6596 | D:7      | Reached XP level 10. HP: 73/76 MP: 13/13
  6867 | D:8      | Learned a level 1 spell: Apportation
  6869 | D:8      | Learned a level 1 spell: Summon Butterflies
  6947 | D:8      | Found a deep blue altar of Sif Muna.
  6948 | D:8      | Found a glowing golden altar of the Shining One.
  7094 | D:8      | Found a white marble altar of Elyvilon.
  7094 | D:8      | Found a glowing silver altar of Zin.
  7201 | D:9      | Found a stormy altar of Qazlal.
  7498 | D:9      | Reached skill level 9 in Axes
  7731 | D:9      | Found a snail-covered altar of Cheibriados.
  7845 | D:9      | Reached skill level 5 in Shields
  7846 | D:9      | Reached XP level 11. HP: 78/84 MP: 15/15
  8088 | D:10     | Entered Level 10 of the Dungeon
  8147 | D:10     | Noticed a death knight
  8159 | D:10     | Noticed an unseen horror
  8165 | D:10     | Killed a death knight
  8165 | D:10     | Reached skill level 10 in Axes
  8167 | D:10     | Killed an unseen horror
  8544 | D:10     | Noticed a two-headed ogre
  8556 | D:10     | Killed a two-headed ogre
  8876 | D:10     | Found a staircase to the Lair.
  9142 | Lair:1   | Entered Level 1 of the Lair of Beasts
  9204 | D:11     | Identified a scroll of acquirement
  9477 | D:11     | Reached XP level 12. HP: 93/93 MP: 17/17
  9920 | D:12     | Reached ****** piety under Uskayaw
  9928 | D:12     | Reached skill level 11 in Axes
  9950 | D:12     | Noticed an unseen horror
  9957 | D:12     | Killed an unseen horror
 10064 | D:12     | Found a staircase to the Orcish Mines.
 10066 | D:12     | Found Huibrop's Armour Shoppe.
 10808 | D:13     | Got a shimmering arbalest
 10809 | D:13     | Identified the +7 arbalest "Mugarior" {freeze, Str+4 Int+6
                  | Dex+3} (You found it on level 13 of the Dungeon)
 10814 | D:13     | Found a white marble altar of Elyvilon.
 10814 | D:13     | Noticed an angel
 10825 | D:13     | Found a runed translucent door.
 10881 | D:13     | Noticed a two-headed ogre
 10893 | D:13     | Killed a two-headed ogre
 10908 | D:13     | Noticed a +3 long sword
 10917 | D:13     | Killed a +3 long sword
 10917 | D:13     | Reached XP level 13. HP: 61/101 MP: 17/19
 11135 | D:13     | Found a gate to the Vaults.
 11403 | D:14     | Reached skill level 12 in Axes
 12072 | D:14     | Found a portal to a secret trove of treasure.
 12128 | D:14     | Found a deep blue altar of Sif Muna.
 12190 | D:14     | Noticed a centaur warrior
 12198 | D:14     | Killed a centaur warrior
 12291 | D:15     | Entered Level 15 of the Dungeon
 12294 | D:15     | Found a blossoming altar of Fedhas.
 12633 | D:15     | Noticed a centaur warrior
 12754 | D:15     | Found a staircase to the Depths.
 12926 | D:15     | Killed a centaur warrior
 12927 | D:15     | Reached skill level 10 in Fighting
 12930 | D:15     | Noticed a centaur warrior
 12931 | D:15     | Noticed a centaur warrior
 12932 | D:15     | Reached skill level 10 in Invocations
 12943 | D:14     | Reached XP level 14. HP: 17/110 MP: 21/21
 13561 | D:15     | Reached skill level 10 in Armour
 13567 | D:15     | Reached skill level 13 in Axes
 13942 | Orc:1    | Entered Level 1 of the Orcish Mines
 14114 | Orc:2    | Entered Level 2 of the Orcish Mines
 14190 | Orc:2    | Noticed Nessos
 14193 | Orc:2    | Killed Nessos
 14428 | Orc:1    | HP: 4/111 [poisoned by an ogre mage]
 15051 | Orc:2    | Found Oskum's Antique Armour Shoppe.
 15879 | Orc:2    | Found Jafeunia's Antique Weapon Boutique.
 15879 | Orc:2    | Found Lysuqu Neita's Jewellery Emporium.
 15915 | Orc:2    | Found a staircase to the Elven Halls.
 16044 | Orc:2    | Found Dymotoit's General Store.
 16044 | Orc:2    | Found Vetriovu's Magic Scroll Boutique.
 16084 | Orc:2    | Bought a scroll of identify for 26 gold pieces
 16084 | Orc:2    | Bought a scroll of fog for 26 gold pieces
 16093 | Orc:2    | Bought a scroll of summoning for 123 gold pieces
 16114 | Orc:2    | Found a roughly hewn altar of Beogh.
 16872 | Lair:1   | Found a runed translucent gate.
 16872 | Lair:1   | Found a runed translucent gate.
 16872 | Lair:1   | Found a runed translucent gate.
 16873 | Lair:1   | Noticed Gareihy's ghost (journeyman GnWr)
 17339 | Lair:2   | Reached skill level 14 in Axes
 17339 | Lair:2   | Reached XP level 15. HP: 97/118 MP: 23/23
 17451 | Lair:2   | You fall through a shaft!
 17622 | Lair:2   | Got a crystal broad axe
 17623 | Lair:2   | Identified the +7 broad axe of the Hummingbird {chop, rC++
                  | Int+3 Dex+6} (You found it on level 2 of the Lair of
                  | Beasts)
 18618 | Lair:3   | Noticed Nergalle
 18625 | Lair:3   | Killed Nergalle
 19187 | Lair:4   | Found a staircase to the Snake Pit.
 19369 | Lair:4   | Found a staircase to the Shoals.
 19635 | Lair:5   | Found a staircase to the Slime Pits.
 19655 | Lair:5   | Reached skill level 10 in Dodging
 20714 | Lair:6   | Entered Level 6 of the Lair of Beasts
 21104 | Lair:6   | Reached skill level 15 in Axes
 21129 | Lair:6   | Reached XP level 16. HP: 91/127 MP: 25/25
 21318 | Lair:6   | Got a fine falchion
 21319 | Lair:6   | Identified the cursed +1 falchion "Jelly's Death Toll"
                  | {flame, rPois} (You found it on level 6 of the Lair of
                  | Beasts)
 22396 | D:15     | Got a brightly glowing large shield
 22407 | D:15     | Identified the +2 large shield "Bywkas" {rC+} (You acquired
                  | it on level 15 of the Dungeon)
 23600 | Depths:1 | Entered Level 1 of the Depths
 23600 | Depths:1 | Noticed a tengu reaver
 23769 | Depths:1 | Noticed a daeva
 23770 | Depths:1 | Found a gateway to a ziggurat.
 23789 | Depths:1 | Killed a tengu reaver
 25033 | Depths:1 | Reached XP level 17. HP: 135/135 MP: 26/26
 25166 | Depths:1 | Found a gateway to Hell.
 25209 | Depths:1 | Found an iron altar of Okawaru.
 25505 | Depths:2 | Reached skill level 16 in Axes
 25507 | Depths:2 | Reached skill level 10 in Shields
 25835 | Depths:2 | Noticed a sphinx
 26294 | Snake:1  | Entered Level 1 of the Snake Pit
 27262 | Snake:2  | Noticed Azrael
 27383 | Snake:2  | Killed Azrael
 27528 | Snake:2  | Found Kewamnod's General Store.
 27535 | Snake:2  | Bought a scroll of acquirement for 832 gold pieces
 27535 | Snake:2  | Bought a scroll of identify for 32 gold pieces
 27538 | Snake:2  | Found Siarihoj's Antique Weapon Shoppe.
 27542 | Snake:2  | Got a pair of smoking boots
 27548 | Snake:2  | Identified the +0 pair of boots of the Empire {rC+ MR-
                  | rCorr} (You acquired it on level 2 of the Snake Pit)
 27564 | Snake:2  | Found Fuepeg's Weapon Shoppe.
 27600 | Snake:2  | Found Ympelath's General Store.
 27637 | Snake:2  | Bought 2 potions of curing for 120 gold pieces
 27637 | Snake:2  | Bought a scroll of identify for 40 gold pieces
 27637 | Snake:2  | Bought a potion of curing for 60 gold pieces
 27980 | Snake:2  | Found Kaytt's Jewellery Boutique.
 27980 | Snake:2  | Found Esiown's Gadget Emporium.
 27981 | Snake:2  | Found Uteiph's Gadget Emporium.
 28054 | Snake:2  | Found Rocatimm's Assorted Antiques.
 28061 | Snake:2  | Bought a scroll of identify for 76 gold pieces
 29158 | Snake:3  | Found the +0 pair of fencer's gloves {Riposte Dex+3}
 29254 | Snake:3  | Reached XP level 18. HP: 100/143 MP: 28/28
 29505 | Snake:3  | Found Iloirch's Jewellery Shop.
 29513 | Snake:3  | Bought an uncursed ring of poison resistance for 280 gold
                  | pieces
 30155 | Snake:4  | Entered Level 4 of the Snake Pit
 30416 | Snake:4  | Reached skill level 17 in Axes
 30416 | Snake:4  | Noticed Asterion
 30425 | Snake:4  | Killed Asterion
 33153 | Snake:4  | Reached XP level 19. HP: 126/152 MP: 23/29
 34702 | Snake:4  | Got a serpentine rune of Zot
 35024 | Vaults:1 | Entered Level 1 of the Vaults
 35044 | Vaults:1 | Found Hiced's Jewellery Shop.
 35169 | Vaults:1 | Reached skill level 18 in Axes
 35617 | Vaults:1 | Reached skill level 15 in Invocations
 35967 | Vaults:1 | Found Jimit's Antique Armour Shoppe.
 35977 | Vaults:1 | Found Woxotsyi's Jewellery Emporium.
 36391 | Vaults:1 | Reached XP level 20. HP: 136/160 MP: 25/31
 36583 | Vaults:1 | Found Yfyxoxe's General Store.
 36591 | Vaults:1 | Bought a potion of curing for 48 gold pieces
 36591 | Vaults:1 | Bought a potion of curing for 48 gold pieces
 36591 | Vaults:1 | Bought a scroll of identify for 32 gold pieces
 37881 | Vaults:2 | Reached skill level 15 in Fighting
 38554 | Vaults:2 | Noticed Nikola
 38576 | Vaults:2 | Killed Nikola
 39174 | Vaults:2 | Found a staircase to the Crypt.
 39174 | Vaults:2 | Found an ancient bone altar of Kikubaaqudgha.
 39175 | Vaults:2 | Found a basalt altar of Yredelemnul.
 39392 | Vaults:3 | Reached skill level 15 in Armour
 39456 | Vaults:3 | Reached XP level 21. HP: 131/168 MP: 25/32
 39578 | Vaults:3 | Reached skill level 19 in Axes
 39703 | Vaults:3 | Got a slimy wooden ring
 39705 | Vaults:3 | Identified the ring of Lifeff {*Corrode rPois rN+ Dex+3
                  | SInv} (You found it on level 3 of the Vaults)
 39713 | Vaults:3 | Noticed Margery
 39726 | Vaults:3 | Killed Margery
 41664 | Vaults:4 | Found a runed translucent gate.
 41664 | Vaults:4 | Found a runed translucent gate.
 41664 | Vaults:4 | Found a runed translucent gate.
 41664 | Vaults:4 | Noticed Waros's ghost (veteran GrEE)
 41665 | Vaults:4 | Noticed Qenoimudgh's ghost (adept FeMo)
 41948 | Vaults:4 | Reached XP level 22. HP: 174/177 MP: 34/34
 43157 | Vaults:5 | Entered Level 5 of the Vaults
 43164 | Vaults:5 | Reached skill level 20 in Axes
 44288 | Vaults:5 | Reached skill level 15 in Shields
 45065 | Vaults:5 | Noticed Frederick
 45074 | Vaults:4 | Reached XP level 23. HP: 86/185 MP: 17/35
 46429 | Vaults:5 | Killed Frederick
 46450 | Vaults:5 | Identified the +1 robe of the Bruised Shrikes {rElec SInv}
 46576 | Vaults:5 | Identified the +8 dagger of Ikkilot {elec, Dex+5}
 46927 | Vaults:5 | Identified the ring "Hoan Tahiec" {rCorr Str+4}
 47097 | Vaults:5 | Identified the cursed -1 large shield of Leapfrog {rElec
                  | rC- Dex+3}
 47097 | Vaults:5 | Noticed Mennas
 47371 | Vaults:4 | Killed Mennas
 47932 | Vaults:5 | Reached skill level 21 in Axes
 48348 | Vaults:5 | Noticed a golden dragon
 48355 | Vaults:5 | Killed a golden dragon
 48356 | Vaults:5 | Reached XP level 24. HP: 184/195 MP: 34/35
 49132 | Vaults:5 | Identified the +9 morningstar "Duggatri" {freeze, +Blink
                  | +Rage rF++ Str+2 Int-5}
 49132 | Vaults:5 | Identified the +4 steam dragon scales "Fieroz" {rElec rC+}
 49283 | Vaults:5 | HP: 9/195 [titan/bolt of lightning (15)]
 49310 | Vaults:5 | HP: 1/195 [titan/bolt of lightning (26)]
 49327 | Vaults:5 | Killed from afar by a titan

Vault maps used:
D:1:      onia_arrival_zoo_common, minmay_misc_feat_rows
D:2:      minmay_misc_feat_square, uniq_robin, uniq_crazy_yiuf_cottage
D:3:      regret_index_temple_of_mockery, first_ration
D:4:      gammafunk_cloud_chamber, gammafunk_temple_overflow_statue,
          eat_drink_and_be_merry_uskayaw
D:5:      kennysheep_mini_moat, minmay_temple_entry_waves, uniq_ijyb,
          uniq_sigmund, uniq_duvessa
D:6:      grunt_dithmenos_smoke_and_mirrors, serial_shops, shop,
          kennysheep_mini, shop_scrolls, shop_statue, basic_altar
D:7:      grunt_livestock, chequers_serial_rivers_micro_d, uniq_menkaure
D:8:      nicolae_overflow_hidden_temple, gammafunk_temple_overflow_wave,
          feat_on_display
D:9:      cheibrodos_steamvent, nicolae_overflow_crystal_walls,
          grunt_qazlal_sundering
D:10:     grunt_lair_entry_orc_guard_hut, hangedman_decor_growths,
          minmay_misc_feat_columns, lightli_orcish_oven
D:11:     minmay_inner_zag
D:12:     orc_david_3
D:13:     erik_vaults_1, lemuel_angel_altar
D:14:     nicolae_trove_entry_diagonal, roderic_roman_lattice,
          lemuel_blue_sif_altar
D:15:     gammafunk_depths_entry_grave, fedhas_altar_1, minmay_misc_feat_rugged,
          library_closet, grunt_ministairs_8
Temple:   compressed_dpeg_triangle_lava_temple
Lair:1:   gammafunk_ghost_hydra_chop
Lair:2:   beast_lair_carwin_large_2, minmay_another_anthill
Lair:3:   uniq_nergalle
Lair:4:   minmay_shoals_entry_hut, chequers_serial_rivers_room_a,
          grunt_megastairs_1
Lair:5:   nicolae_slime_entry_slimehenge, serial_bayou_shore_b,
          grunt_megastairs_2, lemuel_fruit_fields
Lair:6:   minmay_lair_end_enchanted_forest, infiniplex_staircase_pool_2
Snake:2:  serial_shops, shop_fountains, shop, shop, shop,
          nicolae_shop_waterfront, nicolae_snake_serpentine_hallways,
          st_stairs_7, serial_bayou_crossing, minmay_shop_grove, uniq_azrael
Snake:3:  serial_shops, shop
Snake:4:  grunt_snake_rune_pools, uniq_asterion
Orc:1:    serial_shops, nicolae_shop_trees, uniq_josephine
Orc:2:    st_orc_town, serial_shops, nicolae_shop_overgrown_old_shop,
          uniq_nessos
Vaults:1: vaults_dpeg_ring, v_misc_28, vaults_mumra_hexcomb, v_misc_33,
          nicolae_vaults_little_squares_2, vaults_room_grunt_arrival_ludios,
          v_misc_5, v_misc_32, serial_shops, nicolae_shop_behind_doors, shop,
          shop, shop
Vaults:2: minmay_crypt_entry_necro_gods, serial_ice_g,
          vaults_mumra_chevron_long, nicolae_vaults_little_squares_6,
          nicolae_vaults_network_periphery, v_rooms_2, dpeg_vaults_waves,
          nicolae_vaults_twisting_passages, ontoclasm_vaults_loading_screen,
          uniq_nikola
Vaults:3: nicolae_vaults_specimen_jars, grunt_vaults_bifocal, v_misc_19,
          grunt_vaults_trifunnel, hangedman_vaults_corner_blocks,
          vaults_room_fours, hangedman_vaults_maws, nicolae_vaults_network_s,
          v_pattern_2, uniq_margery
Vaults:4: gammafunk_vaults_ghost_cemetery, vaults_room_door_hall,
          grunt_vaults_swirl, v_rooms_3, v_misc_4,
          vaults_mumra_minichess_inversion, v_alt_pattern_1,
          ontoclasm_vaults_shuriken, v_misc_1, v_misc_22,
          ontoclasm_vaults_gateway, vaults_room_hallway
Vaults:5: serial_shops, uniq_mennas, uniq_frederick
Depths:1: enter_ziggurat_d, pf_hell_entry_tar_spiral, okawaru_ov_weapons_minmay,
          nooodl_orcs_dogs, roderic_lattice_octagonal_star, serial_bayou_shore_a
Depths:2: minmay_shoctagon, lightli_too_deep, nrook_mini_vaults,
          abyss_entry_flame_altar, kennysheep_small_spiral,
          minmay_staircase_statues, uniq_sojobo, uniq_enchantress

Skill      XL: |  1  2  3  4  5  6  7  8  9 10 11 12 13 14 15 16 17 18 19 20 21 22 23 24 |
---------------+-------------------------------------------------------------------------+-----
Armour         | 1 2 3 4 5 6 7 8 9 10 11 12 13 14 15 16 17 | 17.1
Dodging        | 3 4 5 6 7 8 9 10 11 12 13 14 | 14.9
Fighting       | 3 4 5 6 7 8 9 10 11 12 13 14 15 16 17 | 17.2
Axes           | 4 5 6 8 9 10 11 12 14 15 16 17 18 19 20 21 | 21.4
Invocations    | 2 3 5 6 7 8 10 11 12 13 14 15 16 17 18 | 18.1
Shields        | 3 5 6 8 9 11 12 13 14 15 | 15.0
Throwing       | |  2.0

Action                   |  1- 3 |  4- 6 |  7- 9 | 10-12 | 13-15 | 16-18 | 19-21 | 22-24 || total
-------------------------+-------+-------+-------+-------+-------+-------+-------+-------++-------
Melee: War axe           |   100 |   145 |    33 |       |       |       |       |       ||   278
       Battleaxe         |       |       |   124 |       |       |       |       |       ||   124
       Dagger            |       |       |     4 |       |       |       |       |       ||     4
       Hand axe          |       |       |    66 |   421 |   506 |       |       |       ||   993
       Executioner's axe |       |       |       |       |    12 |       |       |       ||    12
       Broad axe         |       |       |       |       |   278 |   911 |   895 |   619 ||  2703
 Fire: Arbalest          |       |       |       |       |       |     7 |       |       ||     7
Throw: Throwing net      |       |       |       |       |     1 |       |     2 |       ||     3
Invok: Stomp             |       |       |       |     1 |       |       |       |       ||     1
       Grand Finale      |       |       |       |       |     1 |     1 |     2 |     4 ||     8
 Abil: Dig               |       |       |       |       |       |    10 |       |       ||    10
Evoke: Wand              |       |       |       |       |       |       |       |     1 ||     1
       Fan of gales      |       |       |       |       |       |       |       |     1 ||     1
       Box of beasts     |       |       |       |       |       |       |       |     1 ||     1
       Phantom mirror    |       |       |       |       |       |       |       |     1 ||     1
  Use: Scroll            |       |     2 |    10 |     6 |     7 |    16 |       |     7 ||    48
       Potion            |       |     1 |     2 |     7 |     3 |     4 |    11 |    10 ||    38
 Stab: Paralysed         |       |     1 |    10 |    60 |   118 |   199 |   186 |   130 ||   704
       Invisible         |       |       |       |     1 |       |       |       |       ||     1
       Distracted        |       |       |       |       |       |     1 |       |     2 ||     3
  Eat: Chunk             |       |     7 |    12 |    13 |    27 |    21 |    22 |    20 ||   122
       Ration            |       |       |       |       |     2 |     6 |     2 |     2 ||    12
Armor: Leather armour    |    13 |       |       |       |       |    22 |       |       ||    35
       Plate armour      |    66 |   124 |   143 |   153 |   210 |   152 |   120 |    41 ||  1009
       Storm dragon scal |       |       |       |       |       |       |       |    55 ||    55
       Gold dragon scale |       |       |       |       |       |       |       |    15 ||    15
Dodge: Dodged            |    67 |    79 |    86 |    93 |   243 |   293 |   212 |   209 ||  1282
Block: Shield            |       |       |    34 |   188 |   389 |    57 |       |       ||   668
       Large shield      |       |       |       |       |       |   823 |   726 |   549 ||  2098
       Rpst.: Broad axe  |       |       |       |       |       |    12 |    23 |    29 ||    64

Table legend:
 A = Non-vault XP
 B = Vault XP
 C = Vault XP percentage of total XP
 D = Non-vault monster count
 E = Vault monster count
 F = Vault count percentage of total count
                 A         B        C        D         E       F
            +---------+---------+-------+---------+---------+-------
      Total |  386492 |  349818 |  47.5 |     992 |     514 |  34.1
            +---------+---------+-------+---------+---------+-------
        D:1 |      38 |       0 |   0.0 |      23 |       0 |   0.0
        D:2 |      58 |       0 |   0.0 |      18 |       0 |   0.0
        D:3 |     170 |       0 |   0.0 |      27 |       0 |   0.0
        D:4 |     527 |      56 |   9.6 |      15 |       3 |  16.7
        D:5 |     572 |     464 |  44.8 |      37 |       4 |   9.8
        D:6 |     656 |       0 |   0.0 |      21 |       0 |   0.0
        D:7 |     899 |    1147 |  56.1 |      13 |       6 |  31.6
        D:8 |     877 |       0 |   0.0 |      14 |       0 |   0.0
        D:9 |    3167 |     539 |  14.5 |      27 |       3 |  10.0
       D:10 |    3593 |     836 |  18.9 |      14 |      12 |  46.2
       D:11 |    1793 |    1177 |  39.6 |      13 |       8 |  38.1
       D:12 |    6168 |     399 |   6.1 |      47 |       4 |   7.8
       D:13 |    4821 |    1808 |  27.3 |      25 |       2 |   7.4
       D:14 |    8995 |     643 |   6.7 |      26 |       1 |   3.7
       D:15 |   21380 |    3620 |  14.5 |      43 |      12 |  21.8
     Lair:1 |    3140 |       0 |   0.0 |      20 |       0 |   0.0
     Lair:2 |    3170 |    3388 |  51.7 |      11 |      29 |  72.5
     Lair:3 |    1277 |     835 |  39.5 |       7 |       1 |  12.5
     Lair:4 |    1257 |     490 |  28.0 |       7 |       2 |  22.2
     Lair:5 |   11242 |     271 |   2.4 |      40 |       8 |  16.7
     Lair:6 |   14831 |    8808 |  37.3 |      30 |      48 |  61.5
    Snake:1 |   11755 |     189 |   1.6 |      27 |       1 |   3.6
    Snake:2 |   17809 |    3366 |  15.9 |      32 |       9 |  22.0
    Snake:3 |   26194 |       0 |   0.0 |      46 |       0 |   0.0
    Snake:4 |   34354 |   46279 |  57.4 |      63 |      61 |  49.2
      Orc:1 |     697 |      85 |  10.9 |       2 |       2 |  50.0
      Orc:2 |    8225 |    9538 |  53.7 |      55 |      61 |  52.6
   Vaults:1 |   17707 |   20296 |  53.4 |      37 |      24 |  39.3
   Vaults:2 |   36575 |   31879 |  46.6 |      52 |      30 |  36.6
   Vaults:3 |   36201 |   27134 |  42.8 |      63 |      32 |  33.7
   Vaults:4 |   44471 |   65491 |  59.6 |      54 |      59 |  52.2
   Vaults:5 |   39494 |  118159 |  74.9 |      45 |      80 |  64.0
   Depths:1 |   21645 |    2921 |  11.9 |      35 |      12 |  25.5
   Depths:2 |    2734 |       0 |   0.0 |       3 |       0 |   0.0
            +---------+---------+-------+---------+---------+-------
